 Dungeon Crawl Stone Soup version 0.28.0-53-g5a82cb258f (webtiles) character file.

Game seed: 12754455259513723081

4438 quokkamancerX the Convoker (level 10, -4/50 HPs)
             Began as a Tengu Summoner on June 17, 2022.
             Was an Initiate of Gozag.
             Slain by a boulder beetle (48 damage)
             ... on level 8 of the Dungeon.
             The game lasted 00:51:05 (12105 turns).

quokkamancerX the Convoker (Tengu Summoner)        Turns: 12105, Time: 00:51:06

Health: -4/50      AC:  7    Str:  8    XL:     10   Next: 36%
Magic:  13/20      EV: 14    Int: 27    God:    Gozag
Gold:   511        SH:  0    Dex: 14    Spells: 10/21 levels left

rFire   . . .      SeeInvis .   a - +4 rapier (venom)
rCold   . . .      Faith    .   (no shield)
rNeg    . . .      Spirit   .   c - +0 robe
rPois   .          Reflect  .   (helmet restricted)
rElec   .          Harm     .   w - scarf {repulsion}
rCorr   .          Rampage  .   f - +0 pair of gloves
Will    .....                   (boots unavailable)
Stlth   ++........              (no amulet)
HPRegen 0.16/turn               v - +4 ring of protection
MPRegen 0.17/turn               F - +6 ring of intelligence

@: flying quickly and evasively, repel missiles, quick
A: beak, talons 3, nimble flight
a: Renounce Religion, Potion Petition, Call Merchant, Bribe Branch


You were on level 8 of the Dungeon.
You worshipped Gozag.
Gozag was pleased with you.
You visited 2 branches of the dungeon, and saw 9 of its levels.
You also visited: Ossuary.

You collected 845 gold pieces.
You spent 193 gold pieces at shops.
You paid 141 gold pieces to Gozag.

Inventory:

Hand Weapons
 a - a +4 rapier of venom (weapon)
 b - a +0 hunting sling
Missiles
 p - 6 curare-tipped darts
 I - 49 sling bullets
 L - 8 stones
Armour
 c - a +0 robe (worn)
 f - a +0 pair of gloves (worn)
 w - a scarf of repulsion (worn)
Magical Staves
 u - a staff of conjuration
Jewellery
 k - a ring of ice
 t - a ring of see invisible
 v - a +4 ring of protection (left hand)
 F - a +6 ring of intelligence (right hand)
Wands
 n - a wand of digging (4)
 o - a wand of polymorph (12)
Scrolls
 d - 2 scrolls of brand weapon {unknown}
 i - a scroll of summoning {unknown}
 j - 2 scrolls of amnesia
 l - 2 scrolls of fear
 m - 2 scrolls of silence
 y - a scroll of fog
 C - 2 scrolls of magic mapping
 D - a scroll of teleportation
 E - a scroll of immolation {unknown}
 G - 3 scrolls of vulnerability {unknown}
 J - 3 scrolls of blinking {unknown}
Potions
 e - 2 potions of resistance {unknown}
 g - 2 potions of brilliance
 h - 4 potions of ambrosia {unknown}
 q - a potion of flight {unknown}
 r - 3 potions of mutation {unknown}
 s - 2 potions of heal wounds
 x - a potion of attraction {unknown}
 z - a potion of curing {unknown}
 A - 2 potions of lignification {unknown}
 B - a potion of invisibility {unknown}
 H - a potion of degeneration {unknown}
 K - 2 potions of might {unknown}


   Skills:
 - Level 2.1 Dodging
 - Level 2.0 Stealth
 - Level 6.0 Spellcasting
 + Level 4.3 Conjurations
 - Level 15.0 Summonings
 - Level 6.0 Air Magic


You had 10 spell levels left.
You knew the following spells:

 Your Spells              Type           Power      Damage    Failure   Level
a - Summon Small Mammal   Summ           100%       N/A       0%          1
b - Call Canine Familiar  Summ           73%        N/A       1%          3
c - Summon Guardian Gole  Hex/Summ       48%        N/A       1%          3
d - Summon Lightning Spi  Summ/Air       59%        N/A       1%          4

Your spell library contained the following spells:

 Spells                   Type           Power      Damage    Failure   Level
 Call Imp                 Summ           73%        N/A       1%          2
 Summon Cactus Giant      Summ           36%        N/A       1%          6
 Sandblast                Erth           16%        2d6       6%          1
 Stone Arrow              Conj/Erth      38%        3d9       9%          3
 Passwall                 Tmut/Erth      6%         N/A       10%         2
 Scorch                   Fire           16%        2d5       10%         2
 Confusing Touch          Hex            8%         N/A       19%         3
 Flame Wave               Conj/Fire      19%        2d6       26%         4
 Yara's Violent Unravell  Hex/Tmut       4%         3d4       87%         5
 Enfeeble                 Hex            4%         N/A       100%        7


Dungeon Overview and Level Annotations

Branches:
Dungeon (8/15)             Temple (1/1) D:5         Ossuary (visited)
   Lair: D:8-11

Altars:
Ashenzari
Cheibriados
Dithmenos
Fedhas
Gozag
Hepliaklqana
Kikubaaqudgha
Makhleb
Nemelex Xobeh
Okawaru
Qazlal
Ru
Sif Muna
Trog
Yredelemnul
Zin
The Shining One

Shops:
D:5 [(?==   D:8 *


Innate Abilities, Weirdness & Mutations

You have a beak for a mouth.
You have claws for feet.
Your magical nature lets you fly swiftly and evasively.


Message History

You now have 485 gold pieces (gained 35).
L - 8 stones
Items here: )))))).
You now have 493 gold pieces (gained 8).
Things that are here:
a +0 dagger; a +0 hand crossbow; 5 bolts
Found 6 gold pieces.
You now have 499 gold pieces (gained 6).
Found a short sword.
You see here a +0 short sword.
Found 12 gold pieces.
You now have 511 gold pieces (gained 12).
Found 18 gold pieces.
You reach down and open the door.
A boulder beetle comes into view.
The boulder beetle curls into a ball and begins rolling!
There is an open door here.
You hit the boulder beetle but do no damage.
The boulder beetle is poisoned.
You claw the boulder beetle, but do no damage.
The boulder beetle hits you!!
Ouch! That really hurt!
The boulder beetle stops rolling and uncurls.
The boulder beetle leaps!
Aiming: Polymorph
Press: ? - help, Shift-Dir - straight line, f - boulder beetle
Aim: a boulder beetle (lightly wounded, very poisoned, will become a satyr, a broodmother, or a tyrant leech, chance to affect: 31%)
Okay, then.
Okay, then.
The boulder beetle curls into a ball and begins rolling!
Casting: Call Canine Familiar (safe; 1% risk of failure)
Confirm with . or Enter, or press ? or * to list all spells.
An electric hum fills the air.
Casting: Summon Lightning Spire (dangerous; 1% risk of failure)
Confirm with . or Enter, or press ? or * to list all spells.
A guardian golem appears, shielding your allies.
You feel much better. The boulder beetle hits you!!!
Ouch! That really hurt!
You die...
Your body crumbles into a pile of gold.

#.#####...####.###..........#
#.# #.....# ##...#########.#
#.# #.....####..## #.# #.#
#.....#.##..# #.# #.#
#...##.##..# #.# ###
###'###.....# ###.##
#.......###.# #..... $
.#.......###.# #)#.##
...°.°8°°○B@...# #.#.##
.$.○#..°.8.9##### #.#...
...##.......# ##.#### ###
###'###.###########<..# #...
#.....).......#.# #....
#############...# #... #####
#.


You could see a boulder beetle (rolling, poisoned, ally target), a friendly
guardian golem (summoned) and a friendly lightning spire (summoned, sheltered).

Vanquished Creatures
  A hornet zombie (D:6)
  A killer bee (D:8)
  A hound (D:4)
  A human zombie (Ossuary)
  An iron imp (D:6)
  An iguana (D:6)
  A howler monkey zombie (D:7)
  3 adders
  An adder zombie (Ossuary)
  2 dart slugs (D:1)
  4 orcs
  3 ball pythons
  6 bats
  3 endoplasms
  2 giant cockroaches (D:4)
  4 goblins
  5 hobgoblins
  2 jackals (D:2)
  2 quokkas
  3 frilled lizards
  4 kobolds
  3 quokka zombies (Ossuary)
  7 rats
  A rat zombie (Ossuary)
62 creatures vanquished.

Vanquished Creatures (collateral kills)
  Eustachio (D:6)
  2 steam dragons
  Menkaure (D:6)
  2 water moccasins
  A sky beast (D:5)
  An ogre (D:7)
  A necrophage (D:6)
  A centaur (D:7)
  A phantom (D:4)
  A kobold brigand (D:8)
  2 scorpions (D:5)
  A bullfrog (D:7)
  A wyvern zombie (D:6)
  A water moccasin zombie (D:5)
  A killer bee (D:8)
  3 howler monkeys (D:8)
  4 wights (D:8)
  A nameless horror (D:5)
  A centaur zombie (D:6)
  3 human zombies (Ossuary)
  2 orc priests
  2 hounds (D:5)
  A jelly (D:5)
  5 iguanas (D:5)
  An orc wizard (D:4)
  5 hound zombies (Ossuary)
  3 mummies (Ossuary)
  A gnoll (D:4)
  2 adders
  A white imp (D:6)
  2 adder zombies (Ossuary)
  A worm (D:4)
  9 orcs
  A bat (D:2)
  An endoplasm (D:3)
  3 giant cockroaches (D:1)
  A gnoll zombie (Ossuary)
  A hobgoblin (D:1)
  8 kobolds
  A frilled lizard (D:3)
  A goblin zombie (Ossuary)
  3 hobgoblin zombies (Ossuary)
  3 jackal zombies (Ossuary)
  7 kobold zombies (Ossuary)
  2 quokka zombies (Ossuary)
  A rat (D:2)
  2 rat zombies (Ossuary)
100 creatures vanquished.

Vanquished Creatures (others)
  An ogre mage (D:8)
  A two-headed ogre (D:5)
  A water moccasin (D:8)
  An ogre (D:5)
  A scorpion (D:4)
  3 killer bees (D:8)
  A centaur zombie (Ossuary)
  3 gnolls (D:4)
12 creatures vanquished.

Grand Total: 174 creatures vanquished

Notes
Turn   | Place    | Note
-------+----------+-------------------------------------------
     0 | D:1      | quokkamancerX the Tengu Summoner began the quest for the
                  | Orb.
     0 | D:1      | Reached XP level 1. HP: 10/10 MP: 4/4
    41 | D:1      | Found a faded altar of an unknown god.
   127 | D:1      | Reached skill level 5 in Summonings
   134 | D:1      | Reached XP level 2. HP: 6/15 MP: 6/6
   825 | D:1      | Reached XP level 3. HP: 19/19 MP: 7/7
  1444 | D:1      | Learned a level 3 spell: Call Canine Familiar
  1831 | D:2      | Reached XP level 4. HP: 23/24 MP: 6/9
  2758 | D:3      | Reached skill level 6 in Summonings
  3327 | D:4      | Found an ancient bone altar of Kikubaaqudgha.
  3487 | D:4      | Gained mutation: Your magical nature lets you fly swiftly
                  | and evasively. [Tengu growth]
  3487 | D:4      | Reached XP level 5. HP: 28/28 MP: 7/11
  3653 | D:4      | Noticed a phantom
  3659 | D:4      | Learned a level 3 spell: Summon Guardian Golem
  3694 | D:4      | Killed a phantom
  4098 | D:4      | Reached skill level 7 in Summonings
  4098 | D:4      | Reached XP level 6. HP: 16/32 MP: 10/13
  4531 | D:4      | Reached skill level 8 in Summonings
  6335 | D:5      | Entered Level 5 of the Dungeon
  6357 | D:5      | Found Nyidwae's Armour Shoppe.
  6573 | D:5      | Noticed a sky beast
  6582 | D:5      | Killed a sky beast
  6583 | D:5      | Reached XP level 7. HP: 36/36 MP: 8/14
  6605 | D:5      | Reached skill level 9 in Summonings
  6623 | D:5      | Found a sand-covered staircase.
  6631 | Ossuary  | Entered an ossuary
  6850 | Ossuary  | Reached skill level 5 in Spellcasting
  6907 | Ossuary  | Reached skill level 1 in Air Magic
  7103 | Ossuary  | Reached XP level 8. HP: 40/41 MP: 16/16
  7172 | Ossuary  | Learned a level 4 spell: Summon Lightning Spire
  7191 | D:5      | Reached skill level 5 in Air Magic
  7219 | D:5      | Found Kiofih's Magic Scroll Shop.
  7253 | D:5      | Found Ocihiopo's Jewellery Shoppe.
  7284 | D:5      | Bought a scroll of fog for 24 gold pieces
  7284 | D:5      | Bought a scroll of magic mapping for 42 gold pieces
  7284 | D:5      | Bought a scroll of teleportation for 36 gold pieces
  7297 | D:5      | Found Duadugix's Jewellery Shop.
  7322 | D:5      | Found Siehiov's Antique Weapon Emporium.
  7410 | D:5      | Noticed a two-headed ogre
  7433 | D:5      | Killed a two-headed ogre
  7434 | D:5      | Reached skill level 10 in Summonings
  7573 | D:5      | You are sucked into a shaft and drop 2 floors!
  7612 | D:6      | Noticed Menkaure
  7639 | D:6      | Found a snail-covered altar of Cheibriados.
  7796 | D:6      | Reached XP level 9. HP: 37/45 MP: 15/19
  7872 | D:6      | Reached skill level 11 in Summonings
  8302 | D:6      | Identified the +3 spear "Dragon's Curse" {holy, Fragile
                  | rElec Str+4}
  8515 | D:5      | Found a staircase to the Ecumenical Temple.
  8525 | Temple   | Entered the Ecumenical Temple
  8624 | Temple   | Became a worshipper of Gozag Ym Sagoz the Greedy
  8921 | D:6      | Noticed Eustachio
  8947 | D:6      | Killed Eustachio
  8948 | D:6      | Reached skill level 12 in Summonings
  9572 | D:6      | Killed Menkaure
 10117 | D:7      | Reached skill level 13 in Summonings
 11044 | D:8      | Found a hazy altar of Hepliaklqana.
 11132 | D:8      | Found Peffisol's Assorted Antiques.
 11136 | D:8      | Bought a bubbling sapphire potion for 22 gold pieces
 11136 | D:8      | Bought a golden potion for 22 gold pieces
 11136 | D:8      | Bought a fuming orange potion for 22 gold pieces
 11136 | D:8      | Bought a scroll labelled NUCWIL PIZEHA for 25 gold pieces
 11183 | D:8      | Reached skill level 14 in Summonings
 11212 | D:8      | Reached XP level 10. HP: 50/50 MP: 20/20
 11307 | D:8      | Killed an ogre mage
 11308 | D:8      | Reached skill level 15 in Summonings
 12095 | D:8      | Noticed a boulder beetle
 12105 | D:8      | Slain by a boulder beetle

Illustrated notes

Levels and vault maps discovered:
D:1:      zaba_arrival_water, layout_basic, ebering_ecumenical_altar_sacrificial
D:2:      layout_loops_cross, serial_bayou, serial_bayou_pond_e,
          serial_bayou_shore_a, serial_bayou_pond_e, serial_bayou_ford_a,
          serial_bayou_lagoon_b
D:3:      layout_rooms
D:4:      nicolae_cairo_tiling_very_big, layout_basic,
          nicolae_kikubaaqudgha_miasma_corner, minmay_misc_feat_nine_boxes,
          dk_rats_in_the_wall
D:5:      layout_rooms, minmay_temple_entry_glassed_door,
          nicolae_ossuary_entry_monument, serial_shops, shop,
          nicolae_square_shop, nicolae_take_the_stairs, shop,
          kennysheep_little_box
D:6:      layout_gridville, slow_altar_1, uniq_eustachio, uniq_menkaure
D:7:      layout_layer_cave, minmay_stone_trees_small
D:8:      layout_loops_ring, nzn_hepliaklqana_mist_gate,
          nicolae_wu_jian_immortal_techniques, serial_shops, shop,
          minmay_three_doors
Temple:   jpeg_temple_clearing

Skill      XL: |  1  2  3  4  5  6  7  8  9 10 |
---------------+-------------------------------+-----
Summonings     | 5 6 7 8 9 10 14 15 | 15.0
Spellcasting   | 3 4 5 6 |  6.0
Air Magic      | 4 6 |  6.0
Conjurations   | 4 |  4.3
Dodging        | |  2.1
Stealth        | |  2.0

Action                   |  1- 3 |  4- 6 |  7- 9 | 10-12 || total
-------------------------+-------+-------+-------+-------++-------
Melee: Quarterstaff      |    51 |    78 |    43 |       ||   172
       Peck              |     6 |     9 |    11 |     1 ||    27
       Unarmed           |     1 |       |       |       ||     1
       Kick              |    13 |    20 |    23 |     2 ||    58
       Rapier            |       |       |    11 |     6 ||    17
 Fire: Hunting sling     |       |       |     5 |       ||     5
 Cast: Summon Small Mamm |    23 |     1 |     4 |       ||    28
       Call Canine Famil |     1 |    16 |    25 |     4 ||    46
       Summon Guardian G |       |     5 |    18 |     6 ||    29
       Summon Lightning  |       |       |    19 |     3 ||    22
  Use: Scroll            |       |     6 |     2 |       ||     8
       Potion            |       |       |       |     1 ||     1
 Stab: Sleeping          |     3 |     2 |     2 |       ||     7
       Distracted        |       |       |     2 |       ||     2
Armor: Robe              |     7 |    33 |    12 |     5 ||    57
Dodge: Dodged            |    45 |    64 |    57 |    26 ||   192
